 Dungeon Crawl Stone Soup version 0.31-a0-997-g9a2f3ffc92 (webtiles) character file.

Game seed: 10020298472942230397

289 Dirtsage the Trooper (level 6, 63/79 HPs)
             Began as a Demonspawn Berserker on Nov 7, 2023.
             Was a Believer of Trog.
             Quit the game on level 4 of the Dungeon.
             The game lasted 00:03:48 (2058 turns).

Dirtsage the Trooper (Demonspawn Berserker)         Turns: 2058, Time: 00:03:49

Health: 63/79      AC:  6    Str: 19    XL:     6   Next: 9%
Magic:  6/6        EV: 16    Int:  9    God:    Trog [**....]
Gold:   204        SH:  0    Dex: 12    Spells: 5/5 levels left

rFire   + . .        a - +0 hand axe
rCold   . . .        (no shield)
rNeg    . . .        f - +0 ring mail
rPois   .            (no helmet)
rElec   .            (no cloak)
rCorr   .            (no gloves)
SInv    .            i - +0 pair of boots
Will    .....        (no amulet) Stlth
                     F - ring of protection from fire
HPRegen 0.33/turn    r - +5 ring of evasion
MPRegen 0.10/turn

%: no passive effects
@: berserking (expiring), very quick
A: foul stench 1, spiny 1
a: Renounce Religion, Berserk, Trog's Hand


You were on level 4 of the Dungeon.
You worshipped Trog.
Trog was pleased with you.
You visited 1 branch of the dungeon, and saw 4 of its levels.

You collected 204 gold pieces.

Inventory:

Hand Weapons
 a - a +0 hand axe (weapon)
Armour
 b - a +0 animal skin
 f - a +0 ring mail (worn)
 i - a +0 pair of boots (worn)
Jewellery
 r - a +5 ring of evasion (right hand)
 F - a ring of protection from fire (left hand)
Wands
 h - a wand of light (6)
Scrolls
 c - 3 scrolls of identify {unknown}
 d - 2 scrolls of silence {unknown}
 l - a scroll of enchant weapon {unknown}
 o - 2 scrolls of acquirement {unknown}
 q - a scroll of immolation {unknown}
 s - a scroll of enchant armour {unknown}
 t - a scroll of teleportation {unknown}
Potions
 e - a potion of might {unknown}
 g - a potion of heal wounds {unknown}
 j - a potion of lignification {unknown}
 k - 2 potions of invisibility {unknown}
 m - a potion of degeneration {unknown}
 n - a potion of resistance {unknown}
 p - a potion of curing {unknown}


   Skills:
 + Level 6.9 Fighting
 - Level 2.6 Axes
 - Level 1.7 Armour
 - Level 1.7 Dodging


You had 5 spell levels left.
You didn't know any spells.
Your spell library contained the following spells:

 Spells                   Type           Power      Damage    Failure   Level
 Gell's Gravitas          Tloc           0%         N/A       91%         3
 Teleport Other           Tloc           0%         N/A       91%         3
 Tukima's Dance           Hex            0%         N/A       91%         3
 Dimensional Bullseye     Hex/Tloc       0%         N/A       100%        4
 Iskenderun's Mystic Bla  Conj/Tloc      0%         2d3       100%        4
 Dispersal                Tloc           0%         N/A       100%        6


Dungeon Overview and Level Annotations

Branches:
Dungeon (4/15)
 Temple: D:4-7

Altars:
Hepliaklqana
Vehumet
Wu Jian

Shops:
D:2 =


Innate Abilities, Weirdness & Mutations

You may rarely emit foul miasma when damaged in melee.
You are partially covered in sharp spines.


Message History

You closely miss the adder. The adder is struck by your spines.
The adder barely misses you. The adder misses you.
You miss the adder.
The adder is lightly wounded.
The adder closely misses you.
You hit the adder.
The adder is heavily wounded.
The adder barely misses you. The adder is struck by your spines.
The adder closely misses you.
You hit the adder.
You kill the adder!
Trog accepts your kill.
Health restored: 47 No target in view!
t - a scroll labelled PEQIAP EZIK A hobgoblin and an ogre come into view.
The hobgoblin shouts!
The ogre shouts!
There are monsters nearby!
Found 14 gold pieces.
Found a stone staircase leading down.
A red film seems to cover your vision as you go berserk!
You feel yourself moving faster!
You feel mighty! The ogre is struck by your spines.
The ogre hits you with a +0 giant club!
You now have 55/70 hp.
You slash the ogre!
The ogre is severely wounded.
You slash the ogre!
The ogre is almost dead.
The ogre is struck by your spines.
You kill the ogre!
Trog accepts your kill.
You have reached level 6!
Your demonic ancestry asserts itself...
You begin to emit a foul stench of rot and decay.
You regained 8 hp, and now have 63/79 hp.
MP restored: 6 You slash the hobgoblin!
You kill the hobgoblin!
Trog accepts your kill.
You see here a hobgoblin corpse.
Are you sure you want to abandon this character and quit the game? (Confirm with "yes".)

............
............ ...
.#........#. ... .##
...#......# ##.## ..$#.
##.#.#.##.# #...# ....
##...####.####.⌠.#.... .
.#..#####.##.#...#..# ..
.#.....#.....##.##.##...
..).#...........@$....#
...###.....)..........#
...#..#............####
.................)##
....................
...........##....##...
.#..##..#..###..## .....
##.....##.# ##.. ....
... .. ##.. ....


There were no monsters in sight!

Vanquished Creatures
  An ogre (D:4)
  Jessica (D:2)
  An iguana (D:4)
  5 adders
  4 gnolls (D:3)
  A worm (D:2)
  A dart slug (D:1)
  3 orcs (D:3)
  7 endoplasms
  3 giant cockroaches
  6 hobgoblins
  2 jackals (D:2)
  3 quokkas
  9 ball pythons
  4 bats
  5 frilled lizards
  4 goblins
  4 kobolds
  5 rats
69 creatures vanquished.

Notes
Turn   | Place    | Note
-------+----------+-------------------------------------------
     0 | D:1      | Dirtsage the Demonspawn Berserker began the quest for the
                  | Orb.
     0 | D:1      | Reached XP level 1. HP: 18/18 MP: 1/1
   219 | D:1      | Gained mutation: You are partially covered in sharp spines.
                  | [demonic ancestry]
   219 | D:1      | Reached XP level 2. HP: 24/24 MP: 2/2
   476 | D:1      | Reached skill level 4 in Fighting
   686 | D:2      | Noticed Jessica
   689 | D:2      | Killed Jessica
   690 | D:2      | Reached XP level 3. HP: 31/31 MP: 3/3
   789 | D:2      | Reached XP level 4. HP: 34/38 MP: 4/4
   843 | D:2      | Reached ** piety under Trog
   846 | D:2      | Reached skill level 5 in Fighting
  1043 | D:2      | Found Ebof's Jewellery Boutique.
  1439 | D:3      | Found a radiant altar of Vehumet.
  1486 | D:3      | Reached XP level 5. HP: 46/46 MP: 5/5
  1646 | D:3      | Found a hazy altar of Hepliaklqana.
  1745 | D:3      | Found an ornate altar of the Wu Jian Council.
  1764 | D:3      | Reached skill level 6 in Fighting
  2049 | D:4      | Noticed an ogre
  2054 | D:4      | Killed an ogre
  2055 | D:4      | Gained mutation: You may rarely emit foul miasma when
                  | damaged in melee. [demonic ancestry]
  2055 | D:4      | Reached XP level 6. HP: 53/53 MP: 6/6
  2058 | D:4      | Quit the game

Illustrated notes

Levels and vault maps discovered:
D:1:      minmay_arrival_plants_in_alcoves, layout_loops_ring, minivault_25
D:2:      minmay_spotlight, layout_basic, serial_shops, shop, uniq_jessica
D:3:      layout_loops_ring, mainiacjoe_overflow_24_doors,
          mainiacjoe_overflow_catch_the_wave
D:4:      layout_cave_pools, minmay_temple_entry_antechambers,
          nicolae_letterblocks [nicolae_letter_subblock,
          nicolae_letter_subblock, nicolae_letter_subblock,
          nicolae_letter_subblock, nicolae_letter_subblock,
          nicolae_letter_subblock, nicolae_letter_subblock,
          nicolae_letter_subblock, nicolae_letter_subblock,
          nicolae_letter_subblock, nicolae_letter_subblock,
          nicolae_letter_subblock, nicolae_letter_subblock,
          nicolae_letter_subblock, nicolae_letter_subblock,
          nicolae_letter_subblock, nicolae_letter_subblock,
          nicolae_letter_subblock, nicolae_letter_subblock,
          nicolae_letter_subblock, nicolae_letter_subblock,
          nicolae_letter_subblock, nicolae_letter_subblock,
          nicolae_letter_subblock, nicolae_letter_subblock], uniq_robin

Skill      XL: |  1  2  3  4  5 |
---------------+----------------+-----
Fighting       | 4 5 6 |  6.9
Axes           | |  2.6
Armour         | |  1.7
Dodging        | |  1.7

Action                     |  1- 3 |  4- 6 || total
---------------------------+-------+-------++-------
  Melee: Hand axe          |    57 |    84 ||   141
         Punch             |     2 |       ||     2
 Invoke: Berserk           |       |     2 ||     2
   Stab: Sleeping          |     1 |       ||     1
 Armour: Animal skin       |    10 |       ||    10
         Ring mail         |    12 |    35 ||    47
  Dodge: Dodged            |    29 |    56 ||    85

Table legend: (Time is in decaauts)
 A = Elapsed time spent in this place.
 B = Non-inter-level travel time spent in this place.
 C = Inter-level travel time spent in this place.
 D = Time resting spent in this place.
 E = Time spent auto-exploring this place.
 F = Levels seen in this place.
 G = Mean time per level.
                   A        B        C        D        E       F      G
               +--------+--------+--------+--------+--------+-----+--------+
         Total |   2087 |   2024 |     63 |      0 |   1632 |   4 |  521.8 |
       Dungeon |   2087 |   2024 |     63 |      0 |   1632 |   4 |  521.8 |
               +--------+--------+--------+--------+--------+-----+--------+

Top non-repeatable levels by time:
     D:3: 715 daAuts
     D:1: 681 daAuts
     D:2: 574 daAuts
     D:4: 115 daAuts
